 Dungeon Crawl Stone Soup version 0.18.1-48-g4cf74bf (webtiles) character file.

74 Banto the Insei (level 3, -8/27 HPs)
             Began as a Demigod Wanderer on Aug 29, 2016.
             Killed by divine providence
             ... invoked by an orc priest
              (15 damage)
             ... on level 3 of the Dungeon.
             The game lasted 00:03:06 (2418 turns).

Banto the Insei (Demigod Wanderer)                  Turns: 2418, Time: 00:03:06

Health: -8/27      AC:  6    Str: 15    XL:     3   Next: 85%
Magic:  5/5        EV:  5    Int: 15    God:
Gold:   74         SH:  0    Dex: 18    Spells: 0 memorised, 2 levels left

rFire  . . .     SeeInvis .     a - +1 spear
rCold  . . .     Gourm    .     f - +0 ring mail
rNeg   . . .     Faith    .     (no shield)
rPois  .         Spirit   .     (no helmet)
rElec  .         Dismiss  .     (no cloak)
rCorr  .         Reflect  .     (no gloves)
SustAt +         Harm     .     k - +0 pair of boots
MR     +....                    (no amulet)
Stlth  +.........               (no ring)
                                l - ring of protection from magic

@: drained, somewhat resistant to hostile enchantments, very unstealthy
A: high mp 1, sustain attributes
a: no special abilities


You were on level 3 of the Dungeon.
You were not hungry.

You visited 1 branch of the dungeon, and saw 3 of its levels.

You collected 74 gold pieces.

Inventory:

Hand Weapons
 a - a +1 spear (weapon)
 b - a +2 blowgun
Missiles
 o - 2 curare-tipped needles
Armour
 e - a +0 robe
 f - a +0 ring mail (worn)
 k - a +0 pair of boots (worn)
Jewellery
 l - a ring of protection from magic (left hand)
Scrolls
 c - 3 scrolls of teleportation
 h - a scroll of fog {unknown}
 j - 2 scrolls of remove curse
 m - 8 scrolls of identify
 p - a scroll of recharging
Potions
 d - a potion of lignification
Comestibles
 g - 3 bread rations
 i - 4 chunks of flesh


   Skills:
 - Level 0.8(0.0) Fighting
 + Level 1.9(1.4) Polearms
   Level 1.7(1.4) Staves
 + Level 2.6(1.8) Throwing
 - Level 1.0(0.2) Dodging
 - Level 1.7(0.9) Stealth
   Level 1.0(0.2) Shields
 - Level 2.6(1.8) Unarmed Combat


You had 2 spell levels left.
You didn't know any spells.

Dungeon Overview and Level Annotations

Branches:
Dungeon (3/15)


Innate Abilities, Weirdness & Mutations

You have an increased reservoir of magic (+10% MP).
Your attributes are resistant to harm.


Message History

You climb downwards.
There is a stone staircase leading up here.
Attack whom?
Press: ? - help, Dir - move target cursor, f - orc priest
Aim: an orc priest, wielding a war axe and wearing a ring mail You reach to attack!
You hit the orc priest but do no damage.
You barely miss the orc priest. The orc priest barely misses you.
You hit the orc priest but do no damage.
The orc priest hits you with a war axe!
You hit the orc priest but do no damage.
The orc priest barely misses you.
You hit the orc priest but do no damage.
The orc priest invokes the aid of Beogh against you.
Pain shoots through your body!
* * * LOW HITPOINT WARNING * * *
The orc priest calls down the wrath of Beogh upon you.
Beogh smites you!
Ouch! That really hurt!
You die...

#s######.......
#.o.o.....#
########..#
#..####.##.
#..........
#..####.##.
#.......#
########o#######
.......@.#
########.......
########


You could see an orc priest.

Vanquished Creatures
  3 adders (D:2)
  A giant gecko (D:1)
  2 orcs (D:2)
  3 ball pythons
  6 bats
  2 giant cockroaches (D:2)
  9 goblins
  6 kobolds
  2 quokkas
  A giant newt (D:2)
  4 rats (D:2)
39 creatures vanquished.

Notes
Turn   | Place    | Note
--------------------------------------------------------------
     0 | D:1      | Banto the Demigod Wanderer began the quest for the Orb.
     0 | D:1      | Banto set off with: 2 curare-tipped needles, a +2 blowgun, a scroll of teleportation, a potion of lignification, a +0 robe, a +0 dagger, a bread ration
     0 | D:1      | Reached XP level 1. HP: 14/14 MP: 3/3
   574 | D:1      | Reached XP level 2. HP: 4/22 MP: 4/4
  1095 | D:2      | Reached skill level 1 in Polearms
  1245 | D:2      | Reached XP level 3. HP: 27/27 MP: 5/5
  1836 | D:2      | Found a stormy altar of Qazlal.
  2418 | D:3      | Killed from afar by an orc priest

Skill      XL: |  1  2 |
---------------+-------+-----
Throwing       | 2 |  2.6
Polearms       | 1 |  1.9
Fighting       | |  0.8
Staves         | |  1.7
Dodging        | |  1.0
Stealth        | |  1.7
Shields        | |  1.0
Unarmed Combat | |  2.6

Action                   || total
-------------------------++-------
Melee: Dagger            ||    14
       Spear             ||   141
 Fire: Blowgun           ||     2
  Use: Scroll            ||     6
 Stab: Sleeping          ||     2
       Distracted        ||     1
  Eat: Chunk             ||     5
Armor: Robe              ||     9
       Ring mail         ||    42
Dodge: Dodged            ||    79
